 Dungeon Crawl Stone Soup version 0.25-a0-589-g1e14c549ee (webtiles) character file.

Game seed: 3762664697424739410, levelgen mode: deterministic

56 Gynju the Skirmisher (level 3, -6/24 HPs)
             Began as a Gargoyle Fighter on Mar 12, 2020.
             Mangled by Sigmund
             ... wielding a +0 scythe of protection
              (10 damage)
             ... on level 2 of the Dungeon.
             The game lasted 00:02:27 (1489 turns).

Gynju the Skirmisher (Gargoyle Fighter)             Turns: 1489, Time: 00:02:28

Health: -6/24      AC: 10    Str: 20    XL:     3   Next: 97%
Magic:  3/3        EV:  7    Int:  8    God:
Gold:   73         SH:  9    Dex:  9    Spells: 2/2 levels left

rFire    . . .     SeeInvis .   a - +0 flail
rCold    + . .     Gourm    .   c - +0 kite shield
rNeg     + . .     Faith    .   b - +0 scale mail
rPois    ∞         Spirit   .   (no helmet)
rElec    +         Reflect  .   (no cloak)
rCorr    .         Harm     .   (no gloves)
MR       .....                  (no boots)
Stlth    ..........             (no amulet)
HPRegen  0.08/turn              o - ring of protection from cold (curse)
MPRegen  0.08/turn              (no ring)

@: mighty
A: negative energy resistance 1, electricity resistance, unbreathing,
petrification resistance, rot immunity, AC +3
a: no special abilities


You were on level 2 of the Dungeon.
You were not hungry.

You visited 1 branch of the dungeon, and saw 2 of its levels.

You collected 73 gold pieces.

Inventory:

Hand Weapons
 a - a +0 flail (weapon)
Armour
 b - a +0 scale mail (worn)
 c - a +0 kite shield (worn)
Jewellery
 o - a cursed ring of protection from cold (left hand)
Scrolls
 e - 2 scrolls of identify {unknown}
 g - a scroll of fog {unknown}
 k - a scroll of enchant armour {unknown}
Potions
 h - a potion of magic {unknown}
 i - a potion of haste {unknown}
 j - 3 potions of curing {unknown}
 l - a potion of cancellation {unknown}
 m - 2 potions of mutation {unknown}
 n - a potion of flight {unknown}
 p - a potion of brilliance {unknown}
Comestibles
 f - 3 rations
 q - 6 chunks of flesh


   Skills:
 + Level 3.8 Fighting
 + Level 2.6 Maces & Flails
 + Level 3.8 Armour
 + Level 3.8 Shields


You had 2 spell levels left.
You didn't know any spells.
Your spell library was empty.

Dungeon Overview and Level Annotations

Branches:
Dungeon (2/15)

Altars:

Annotations:
D:2 Sigmund


Innate Abilities, Weirdness & Mutations

You are resistant to torment.
Your stone body is resilient. (AC +3)
You are immune to poison.
You resist negative energy. (rN+)
You are resistant to electric shocks. (rElec)
You can survive without breathing.
You are immune to petrification.
You are immune to rotting.


Message History

The magic dart hits you but does no damage.
You're too confused to move!
Something hits you.
You barely miss the goblin. The goblin hits you.
You miss the goblin. Something hits you. The goblin closely misses you.
Your shield and scale mail prevent you from hitting the goblin.
You feel less confused. Something hits you!
* * * LOW HITPOINT WARNING * * *
The goblin hits you but does no damage. You block the goblin's attack.
You sock the goblin!
You kill the goblin!
Something hits you.
* * * LOW HITPOINT WARNING * * *
Something hits you.
* * * LOW HITPOINT WARNING * * *
Things that are here:
2 scrolls labeled GEATAA GEFEPH; 24 gold pieces; a goblin corpse You miss something.
Something hits you but does no damage.
You barely miss something. Something hits you!
You die...

## .# .# ## .#
.. .#
########.## .#
#.........# .#
#...@{....# .#
#....#.#..# .#
#....#.# .#
##.###.###
##########
#.#...(.#
.........#
#(#######.
#....###.#
#.≈≈≈≈≈≈≈.. ..
#....# #.#
#.#######.#...
#....# #.#
#.#.....#.+...


There were no monsters in sight!

Vanquished Creatures
  An adder (D:2)
  A worm (D:2)
  3 dart slugs (D:1)
  3 leopard geckos
  A ball python (D:2)
  2 giant cockroaches
  A hobgoblin (D:2)
  A quokka (D:2)
  3 bats
  4 frilled lizards
  6 goblins
  7 kobolds
  3 rats (D:1)
36 creatures vanquished.

Notes
Turn   | Place    | Note
-------+----------+-------------------------------------------
     0 | D:1      | Gynju the Gargoyle Fighter began the quest for the Orb.
     0 | D:1      | Reached XP level 1. HP: 14/14 MP: 1/1
   110 | D:1      | Reached XP level 2. HP: 14/19 MP: 2/2
   660 | D:1      | Reached XP level 3. HP: 23/23 MP: 3/3
  1468 | D:2      | Noticed Sigmund
  1489 | D:2      | Mangled by Sigmund

Levels and vault maps discovered:
D:1:      ebering_trefoil_twist, layout_basic
D:2:      layout_basic, grunt_decor_cap, st_stairs_6, uniq_sigmund

Action                   || total
-------------------------++-------
Melee: Flail             ||   156
  Use: Potion            ||     1
  Eat: Chunk             ||     2
Armor: Scale mail        ||    92
Dodge: Dodged            ||    55
Block: Kite shield       ||    82

Table legend:
 A = Non-vault XP
 B = Vault XP
 C = Vault XP percentage of total XP
 D = Non-vault monster count
 E = Vault monster count
 F = Vault count percentage of total count
                 A         B        C        D         E       F
            +---------+---------+-------+---------+---------+-------
      Total |      81 |       0 |   0.0 |      36 |       0 |   0.0
            +---------+---------+-------+---------+---------+-------
        D:1 |      44 |       0 |   0.0 |      24 |       0 |   0.0
        D:2 |      37 |       0 |   0.0 |      12 |       0 |   0.0
            +---------+---------+-------+---------+---------+-------
